Maple Leafs vs Penguins
Created - 19 janvier 2014 at 19:03
Goals
|
| Maple Leafs |
0 |
1 |
1 |
2 |
| Penguins |
0 |
2 |
3 |
5 |
|
Shots
|
| Maple Leafs |
3 |
15 |
15 |
33 |
| Penguins |
6 |
17 |
10 |
33 |
|
1st period
No Goal
Penalties :
Alex Goligoski (Tor) for Elbowing (Minor) at 0:35, Jay Harrison (Tor) for Hooking (Minor) at 15:20
2nd period
1. Maple Leafs , Brendan Morrison 14 (Alex Goligoski, Alexander Frolov) at 0:36
2. Penguins , Darren Reid 19 (Ryan Kesler) at 2:28 (PP)
3. Penguins , Jere Lehtinen 3 (Steven Reinprecht, Steve Staios) at 4:59
Penalties :
Steve Ott (Tor) for Hooking (Minor) at 2:15, Steve Staios (Pit) for Hooking (Minor) at 6:52, Ryan Kesler (Pit) for Goalie Interference (Minor) at 11:42, Brendan Morrison (Tor) for Hooking (Minor) at 15:27, Ville Peltonen (Pit) for Tripping (Minor) at 18:14
3rd period
4. Maple Leafs , Claude Giroux 30 (Dustin Penner, Tobias Enstrom) at 8:42
5. Penguins , Ted Purcell 16 (Steve Staios) at 9:17
6. Penguins , Denis Arkhipov 9 (Ville Peltonen, Darren Reid) at 10:43
7. Penguins , Taylor Pyatt 11 (Ryan Kesler, Carlo Colaiacovo) at 13:06
Penalties :
Steven Reinprecht (Pit) for Cross-checking (Minor) at 16:50
Goalie Stats
Marc-André Fleury (Tor), 28 saves from 33 shots - (0,848), L, 15-17-0, 60:00 minutes
Brian Elliott (Pit), 31 saves from 33 shots - (0,939), W, 13-4-6, 60:00 minutes
Players Stats for Maple Leafs
Player Name G A P +/- PIM S H SB GA TA FO MP PP MP PK MP
------------------------------------------------------------------------------------
Alex Goligoski 0 1 1 2 2 2 2 0 1 0 0/0 27:07 3:36 2:28
Alexander Frolov 0 1 1 1 0 3 4 0 0 0 0/0 18:01 3:36 2:10
Andy Hilbert 0 0 0 0 0 0 0 0 0 0 0/0 7:54 0:06 1:06
Brendan Morrison 1 0 1 1 2 4 1 0 0 1 6/8 19:02 3:21 1:21
Brett Clark 0 0 0 -2 0 1 0 0 0 0 0/0 20:06 3:44 2:27
Byron Bitz 0 0 0 1 0 1 0 0 0 0 1/2 17:35 3:31 0:00
Claude Giroux 1 0 1 -2 0 7 1 1 1 0 2/4 25:14 4:19 3:04
Dustin Penner 0 1 1 -2 0 3 2 0 1 0 0/0 20:16 4:14 0:02
Jaime Sifers 0 0 0 0 0 0 0 0 0 0 0/0 3:26 0:36 0:28
Jamal Mayers 0 0 0 -1 0 0 1 0 1 0 0/1 15:08 0:06 1:53
Jay Harrison 0 0 0 -2 2 1 2 1 0 1 0/0 11:38 0:36 0:00
Lasse Kukkonen 0 0 0 -2 0 1 0 2 0 0 0/0 20:06 3:44 2:27
Paul Stastny 0 0 0 -1 0 1 2 0 0 0 5/8 13:42 2:04 0:52
Pierre-Marc Bouchard 0 0 0 -1 0 2 0 0 0 0 1/2 13:18 0:00 1:02
Robert Nilsson 0 0 0 0 0 1 0 0 0 0 4/4 2:29 0:00 0:50
Steve Ott 0 0 0 -2 2 2 5 0 1 0 14/21 21:01 2:31 0:00
Tim Gleason 0 0 0 -2 0 0 0 1 0 0 0/0 11:49 0:00 0:47
Tobias Enstrom 0 1 1 2 0 4 2 2 0 0 0/0 25:54 3:36 3:43
Players Stats for Penguins
Player Name G A P +/- PIM S H SB GA TA FO MP PP MP PK MP
------------------------------------------------------------------------------------
Brad Isbister 0 0 0 1 0 3 0 0 0 0 1/1 13:45 0:05 1:37
Brooks Orpik 0 0 0 1 0 1 0 0 1 1 0/0 24:12 3:36 4:04
Carlo Colaiacovo 0 1 1 1 0 0 0 0 0 0 0/0 12:29 0:00 1:09
Dainius Zubrus 0 0 0 0 0 0 0 0 0 0 1/2 9:00 0:05 2:08
Dan Hamhuis 0 0 0 0 0 0 0 2 0 0 0/0 20:55 2:34 3:52
Darren Reid 1 1 2 0 0 3 1 0 0 1 0/0 21:31 3:16 4:26
Denis Arkhipov 1 0 1 1 0 4 1 0 0 0 3/7 18:49 2:49 1:08
Dennis Seidenberg 0 0 0 0 0 0 0 1 0 0 0/0 3:47 0:00 0:00
Jere Lehtinen 1 0 1 1 0 2 2 0 0 1 0/0 12:32 0:05 0:00
Marc-Édouard Vlasic 0 0 0 0 0 2 0 0 0 0 0/0 20:55 2:34 3:52
Mike Watt 0 0 0 0 0 0 1 0 0 0 0/0 5:56 0:00 0:07
Ryan Kesler 0 2 2 0 2 0 0 0 0 0 9/30 23:38 3:16 3:11
Steve Staios 0 2 2 1 2 0 0 2 0 0 0/0 26:35 3:36 2:55
Steven Reinprecht 0 1 1 1 2 2 1 0 0 0 2/7 12:08 0:00 0:12
Taylor Pyatt 1 0 1 0 0 3 2 0 0 0 1/1 19:03 3:16 1:53
Ted Purcell 1 0 1 1 0 4 2 0 1 0 0/1 17:10 2:49 0:00
Tom Preissing 0 0 0 1 0 2 0 0 0 0 0/0 11:06 0:00 0:00
Ville Peltonen 0 1 1 1 2 7 4 2 0 2 0/1 18:29 2:49 1:10
3 Stars
1 - Darren Reid (Pit)
2 - Ted Purcell (Pit)
3 - Jere Lehtinen (Pit)
Power Play
Maple Leafs - 0 on 4 Attempt(s) - 0,00%
Penguins - 1 on 4 Attempt(s) - 25,00%
Penalty Kill
Maple Leafs - 3 on 4 Attempt(s) - 75,00%
- Score 0 goal in Penalty Kill
Penguins - 4 on 4 Attempt(s) - 100,00%
- Score 0 goal in Penalty Kill
Official
Referees : Rehman Kyle and Kozari Steve
Linesman : Jonny Murray and Jay Sharrers
Game Notes
Robert Nilsson is injured at 7:00 of 1st period (Sports Hernia)
Finance
Level 1 -- Attendance: 6000 (100,00%) -- Ticket Income 504 000 $
Level 2 -- Attendance: 4678 (93,56%) -- Ticket Income 201 154 $
Level 3 -- Attendance: 1814 (90,70%) -- Ticket Income 43 536 $
Level 4 -- Attendance: 3560 (89,00%) -- Ticket Income 67 640 $
Luxury Box -- Attendance: 1000 (100,00%) -- Ticket Income 162 000 $
Game was played at the Igloo
Total Attendance: 17052 (94,73%)
Total Ticket Income: 978 330 $
Other Income: 146 750 $
Total Income: 1 125 080 $
Maple Leafs
5 vs 5 Forward
Center Left Wing Right Wing Time % Phy DF OF
1 Robert Nilsson Dustin Penner Claude Giroux 40 1 2 2
2 Brendan Morrison Alexander Frolov Byron Bitz 30 1 2 2
3 Pierre-Marc Bouchard Steve Ott Jamal Mayers 20 1 2 2
4 Paul Stastny Andy Hilbert Claude Giroux 10 1 2 2
5 vs 5 Defense
Defense Defense Time % Phy DF OF
1 Alex Goligoski Tobias Enstrom 40 1 2 2
2 Brett Clark Lasse Kukkonen 30 1 2 2
3 Jay Harrison Tim Gleason 20 1 2 2
4 Jaime Sifers Alex Goligoski 10 1 2 2
PowerPlay Forward
Center Left Wing Right Wing Time % Phy DF OF
1 Robert Nilsson Dustin Penner Claude Giroux 60 1 2 2
2 Brendan Morrison Alexander Frolov Byron Bitz 40 1 2 2
PowerPlay Defense
Defense Defense Time % Phy DF OF
1 Alex Goligoski Tobias Enstrom 60 1 2 2
2 Brett Clark Lasse Kukkonen 40 1 2 2
Penalty Kill 4 Players Forward
Center Wing Time % Phy DF OF
1 Claude Giroux Robert Nilsson 60 1 2 2
2 Brendan Morrison Pierre-Marc Bouchard 40 1 2 2
Penalty Kill 4 Players Defense
Defense Defense Time % Phy DF OF
1 Alex Goligoski Tobias Enstrom 60 1 2 2
2 Brett Clark Lasse Kukkonen 40 1 2 2
Penalty Kill - 3 Players Forward
Forward Time % Phy DF OF
1 Claude Giroux 60 1 2 2
2 Robert Nilsson 40 1 2 2
Penalty Kill - 3 Players Defense
Defense Defense Time % Phy DF OF
1 Alex Goligoski Tobias Enstrom 60 1 2 2
2 Brett Clark Lasse Kukkonen 40 1 2 2
4 vs 4 Forward
Center Wing Time % Phy DF OF
1 Claude Giroux Robert Nilsson 60 1 2 2
2 Brendan Morrison Pierre-Marc Bouchard 40 1 2 2
4 vs 4 Defense
Defense Defense Time % Phy DF OF
1 Alex Goligoski Tobias Enstrom 60 1 2 2
2 Brett Clark Lasse Kukkonen 40 1 2 2
Last Minutes Offensive
Center Left Wing Right Wing Defense Defense
Robert Nilsson Dustin Penner Claude Giroux Alex Goligoski Tobias Enstrom
Last Minutes Defensive
Center Left Wing Right Wing Defense Defense
Robert Nilsson Dustin Penner Claude Giroux Alex Goligoski Tobias Enstrom
Goaltenders
Starting : Marc-André Fleury
Backup : Viktor Fasth
Extra Forwards
Normal : Steve Ott, Paul Stastny, Jamal Mayers - PP : Steve Ott, Paul Stastny - PK : Jamal Mayers
Extra Defensemen
Normal : Jay Harrison, Tim Gleason, Jaime Sifers - PP : Jay Harrison - PK : Tim Gleason, Jaime Sifers
Penalty Shots
Claude Giroux, Robert Nilsson, Brendan Morrison, Pierre-Marc Bouchard, Dustin Penner
Penguins
5 vs 5 Forward
Center Left Wing Right Wing Time % Phy DF OF
1 Ryan Kesler Taylor Pyatt Darren Reid 40 1 2 2
2 Denis Arkhipov Ville Peltonen Ted Purcell 30 1 2 2
3 Steven Reinprecht Brad Isbister Jere Lehtinen 20 1 2 2
4 Ryan Kesler Mike Watt Dainius Zubrus 10 1 2 2
5 vs 5 Defense
Defense Defense Time % Phy DF OF
1 Steve Staios Brooks Orpik 40 1 2 2
2 Dan Hamhuis Marc-Édouard Vlasic 30 1 2 2
3 Tom Preissing Carlo Colaiacovo 20 1 2 2
4 Dennis Seidenberg Steve Staios 10 1 2 2
PowerPlay Forward
Center Left Wing Right Wing Time % Phy DF OF
1 Ryan Kesler Taylor Pyatt Darren Reid 60 1 2 2
2 Denis Arkhipov Ville Peltonen Ted Purcell 40 1 2 2
PowerPlay Defense
Defense Defense Time % Phy DF OF
1 Steve Staios Brooks Orpik 60 1 2 2
2 Dan Hamhuis Marc-Édouard Vlasic 40 1 2 2
Penalty Kill 4 Players Forward
Center Wing Time % Phy DF OF
1 Ryan Kesler Darren Reid 60 1 2 2
2 Taylor Pyatt Ville Peltonen 40 1 2 2
Penalty Kill 4 Players Defense
Defense Defense Time % Phy DF OF
1 Steve Staios Brooks Orpik 60 1 2 2
2 Dan Hamhuis Marc-Édouard Vlasic 40 1 2 2
Penalty Kill - 3 Players Forward
Forward Time % Phy DF OF
1 Ryan Kesler 60 1 2 2
2 Darren Reid 40 1 2 2
Penalty Kill - 3 Players Defense
Defense Defense Time % Phy DF OF
1 Steve Staios Brooks Orpik 60 1 2 2
2 Dan Hamhuis Marc-Édouard Vlasic 40 1 2 2
4 vs 4 Forward
Center Wing Time % Phy DF OF
1 Ryan Kesler Darren Reid 60 1 2 2
2 Taylor Pyatt Ville Peltonen 40 1 2 2
4 vs 4 Defense
Defense Defense Time % Phy DF OF
1 Steve Staios Brooks Orpik 60 1 2 2
2 Dan Hamhuis Marc-Édouard Vlasic 40 1 2 2
Last Minutes Offensive
Center Left Wing Right Wing Defense Defense
Ryan Kesler Taylor Pyatt Darren Reid Steve Staios Brooks Orpik
Last Minutes Defensive
Center Left Wing Right Wing Defense Defense
Ryan Kesler Taylor Pyatt Darren Reid Steve Staios Brooks Orpik
Goaltenders
Starting : Brian Elliott
Backup : Ondrej Pavelec
Extra Forwards
Normal : Jere Lehtinen, Brad Isbister, Dainius Zubrus - PP : Jere Lehtinen, Brad Isbister - PK : Dainius Zubrus
Extra Defensemen
Normal : Tom Preissing, Carlo Colaiacovo, Dennis Seidenberg - PP : Tom Preissing - PK : Carlo Colaiacovo, Dennis Seidenberg
Penalty Shots
Ryan Kesler, Darren Reid, Taylor Pyatt, Ville Peltonen, Ted Purcell
% Time on Ice - Maple Leafs
Lines # - Real PCT - Wanted PCT - Time Play
Normal Forward
1 - 38% - 40% - 17:40
2 - 24% - 30% - 10:50
3 - 26% - 20% - 11:48
4 - 12% - 10% - 5:36
Normal Defense
1 - 40% - 40% - 18:35
2 - 30% - 30% - 13:55
3 - 24% - 20% - 11:02
4 - 5% - 10% - 2:22
PP Forward
1 - 63% - 60% - 4:58
2 - 37% - 40% - 2:58
PP Defense
1 - 53% - 60% - 4:12
2 - 47% - 40% - 3:44
PK Forward
1 - 84% - 60% - 5:09
2 - 16% - 40% - 1:01
PK Defense
1 - 60% - 60% - 3:43
2 - 40% - 40% - 2:27
PK3 Forward
1 - 0% - 60%
2 - 0% - 40%
PK3 Defense
1 - 0% - 60%
2 - 0% - 40%
44 Forward
1 - 0% - 60%
2 - 0% - 40%
44 Defense
1 - 0% - 60%
2 - 0% - 40%
Last Minute Offensive - 0:00
Last Minute Defensive - 0:00
Total
Forward - 60:00
Defense - 60:00
|
% Time on Ice - Penguins
Lines # - Real PCT - Wanted PCT - Time Play
Normal Forward
1 - 31% - 40% - 14:25
2 - 31% - 30% - 14:21
3 - 25% - 20% - 11:19
4 - 13% - 10% - 5:49
Normal Defense
1 - 36% - 40% - 16:32
2 - 32% - 30% - 14:29
3 - 24% - 20% - 11:06
4 - 8% - 10% - 3:47
PP Forward
1 - 54% - 60% - 3:21
2 - 46% - 40% - 2:49
PP Defense
1 - 58% - 60% - 3:36
2 - 42% - 40% - 2:34
PK Forward
1 - 76% - 60% - 6:03
2 - 24% - 40% - 1:53
PK Defense
1 - 51% - 60% - 4:04
2 - 49% - 40% - 3:52
PK3 Forward
1 - 0% - 60%
2 - 0% - 40%
PK3 Defense
1 - 0% - 60%
2 - 0% - 40%
44 Forward
1 - 0% - 60%
2 - 0% - 40%
44 Defense
1 - 0% - 60%
2 - 0% - 40%
Last Minute Offensive - 0:00
Last Minute Defensive - 0:00
Total
Forward - 60:00
Defense - 60:00
|
Play by Play
1st period
0:01 of 1st period - Robert Nilsson wins face-off versus Ryan Kesler in neutral zone.
0:35 of 1st period - Minor Penalty to Alex Goligoski for Elbowing.
0:36 of 1st period - Claude Giroux wins face-off versus Ryan Kesler in Maple Leafs zone.
2:35 of 1st period - Penalty to Alex Goligoski is over, Alex Goligoski is back on ice.
2:44 of 1st period - Off-side.
2:45 of 1st period - Brendan Morrison wins face-off versus Steven Reinprecht in neutral zone.
2:53 of 1st period - Off-side.
2:54 of 1st period - Pierre-Marc Bouchard wins face-off versus Steven Reinprecht in neutral zone.
3:04 of 1st period - Slapshot by Steven Reinprecht.
3:04 of 1st period - Deflect By Jere Lehtinen.
3:04 of 1st period - Shot Misses the Net.
3:04 of 1st period - Puck is out of play.
3:05 of 1st period - Robert Nilsson wins face-off versus Ted Purcell in Maple Leafs zone.
3:12 of 1st period - Snap shot by Robert Nilsson.
3:12 of 1st period - Stopped by Brian Elliott without a rebound.
3:13 of 1st period - Robert Nilsson wins face-off versus Ville Peltonen in Penguins zone.
4:49 of 1st period - Wrist shot by Denis Arkhipov.
4:49 of 1st period - Stopped by Marc-André Fleury with a rebound.
4:57 of 1st period - Slapshot by Claude Giroux.
4:57 of 1st period - Shot Misses the Net.
5:31 of 1st period - Tom Preissing is hit by Jamal Mayers and loses puck.
6:25 of 1st period - Claude Giroux is hit by Ville Peltonen and loses puck.
6:41 of 1st period - Icing by Steve Staios.
6:42 of 1st period - Brendan Morrison wins face-off versus Steven Reinprecht in Penguins zone.
6:47 of 1st period - Slapshot by Brendan Morrison.
6:47 of 1st period - Shot Misses the Net.
6:49 of 1st period - Wrist shot by Brendan Morrison.
6:49 of 1st period - Shot Hit the Post.
6:51 of 1st period - Snap shot by Brendan Morrison.
6:51 of 1st period - Stopped by Brian Elliott without a rebound.
6:52 of 1st period - Robert Nilsson wins face-off versus Denis Arkhipov in Penguins zone.
6:53 of 1st period - Wrist shot by Claude Giroux.
6:53 of 1st period - Stopped by Brian Elliott with a rebound.
6:59 of 1st period - Robert Nilsson is hit by Ted Purcell and loses puck.
7:00 of 1st period - Robert Nilsson from Maple Leafs is injured at 7:00 of 1st period (Sports Hernia).
7:01 of 1st period - Steve Ott wins face-off versus Ryan Kesler in Maple Leafs zone.
7:26 of 1st period - Ville Peltonen is hit by Alexander Frolov.
7:34 of 1st period - Wrist shot by Ville Peltonen.
7:34 of 1st period - Stopped by Marc-André Fleury with a rebound.
8:10 of 1st period - Tom Preissing is hit by Steve Ott and loses puck.
9:37 of 1st period - Snap shot by Darren Reid.
9:37 of 1st period - Stopped by Marc-André Fleury without a rebound.
9:38 of 1st period - Brendan Morrison wins face-off versus Steven Reinprecht in Maple Leafs zone.
10:01 of 1st period - Ted Purcell is hit by Steve Ott and loses puck.
10:32 of 1st period - Slapshot by Brendan Morrison.
10:32 of 1st period - Shot Blocked by Steve Staios.
12:25 of 1st period - Brett Clark is hit by Darren Reid and loses puck.
13:20 of 1st period - Wrist shot by Ville Peltonen.
13:20 of 1st period - Stopped by Marc-André Fleury with a rebound.
13:38 of 1st period - Wrist shot by Taylor Pyatt.
13:38 of 1st period - Stopped by Marc-André Fleury without a rebound.
13:39 of 1st period - Denis Arkhipov wins face-off versus Paul Stastny in Maple Leafs zone.
13:52 of 1st period - Slapshot by Denis Arkhipov.
13:52 of 1st period - Stopped by Marc-André Fleury without a rebound.
13:53 of 1st period - Taylor Pyatt wins face-off versus Steve Ott in Maple Leafs zone.
14:06 of 1st period - Wrist shot by Dustin Penner.
14:06 of 1st period - Shot Misses the Net.
14:08 of 1st period - Wrist shot by Claude Giroux.
14:08 of 1st period - Shot Misses the Net.
14:49 of 1st period - Dan Hamhuis is hit by Tobias Enstrom and loses puck.
15:06 of 1st period - Taylor Pyatt is hit by Jay Harrison and loses puck.
15:20 of 1st period - Minor Penalty to Jay Harrison for Hooking.
15:21 of 1st period - Ryan Kesler wins face-off versus Claude Giroux in Maple Leafs zone.
17:20 of 1st period - Penalty to Jay Harrison is over, Jay Harrison is back on ice.
19:49 of 1st period - Claude Giroux is hit by Mike Watt and loses puck.
Goals for this period are 0 for Maple Leafs vs 0 for Penguins.
Shots for this period are 3 for Maple Leafs vs 6 for Penguins.
2nd period
0:01 of 2nd period - Steve Ott wins face-off versus Ryan Kesler in neutral zone.
0:12 of 2nd period - Snap shot by Dustin Penner.
0:12 of 2nd period - Shot Misses the Net.
0:32 of 2nd period - Snap shot by Alexander Frolov.
0:32 of 2nd period - Stopped by Brian Elliott with a rebound.
0:34 of 2nd period - Slapshot by Alex Goligoski.
0:34 of 2nd period - Deflect By Denis Arkhipov.
0:34 of 2nd period - Stopped by Brian Elliott with a rebound.
0:36 of 2nd period - Wrist shot by Brendan Morrison.
0:36 of 2nd period - Goal by Brendan Morrison - Maple Leafs : 1 - Penguins : 0.
0:37 of 2nd period - Steve Ott wins face-off versus Ryan Kesler in neutral zone.
0:53 of 2nd period - Steve Staios is hit by Alex Goligoski and loses puck.
1:04 of 2nd period - Ted Purcell is hit by Alexander Frolov and loses puck.
1:15 of 2nd period - Wrist shot by Byron Bitz.
1:15 of 2nd period - Stopped by Brian Elliott with a rebound.
1:31 of 2nd period - Brad Isbister is hit by Steve Ott.
1:41 of 2nd period - Slapshot by Brooks Orpik.
1:41 of 2nd period - Deflect By Mike Watt.
1:41 of 2nd period - Shot Misses the Net.
1:41 of 2nd period - Puck is out of play.
1:42 of 2nd period - Ryan Kesler wins face-off versus Paul Stastny in Maple Leafs zone.
2:12 of 2nd period - Wrist shot by Ted Purcell.
2:12 of 2nd period - Stopped by Marc-André Fleury without a rebound.
2:13 of 2nd period - Steve Ott wins face-off versus Ryan Kesler in Maple Leafs zone.
2:15 of 2nd period - Minor Penalty to Steve Ott for Hooking.
2:16 of 2nd period - Ryan Kesler wins face-off versus Claude Giroux in Maple Leafs zone.
2:22 of 2nd period - Slapshot by Darren Reid.
2:22 of 2nd period - Shot Misses the Net.
2:24 of 2nd period - Snap shot by Ryan Kesler.
2:24 of 2nd period - Shot Misses the Net.
2:26 of 2nd period - Snap shot by Darren Reid.
2:26 of 2nd period - Shot Misses the Net.
2:28 of 2nd period - Wrist shot by Darren Reid.
2:28 of 2nd period - Goal by Darren Reid - Maple Leafs : 1 - Penguins : 1.
2:29 of 2nd period - Steve Ott wins face-off versus Ryan Kesler in neutral zone.
3:15 of 2nd period - Wrist shot by Lasse Kukkonen.
3:15 of 2nd period - Deflect By Ville Peltonen.
3:15 of 2nd period - Stopped by Brian Elliott with a rebound.
3:17 of 2nd period - Wrist shot by Pierre-Marc Bouchard.
3:17 of 2nd period - Stopped by Brian Elliott without a rebound.
3:18 of 2nd period - Denis Arkhipov wins face-off versus Steve Ott in Penguins zone.
3:41 of 2nd period - Slapshot by Marc-Édouard Vlasic.
3:41 of 2nd period - Shot Misses the Net.
3:43 of 2nd period - Slapshot by Tom Preissing.
3:43 of 2nd period - Stopped by Marc-André Fleury with a rebound.
3:53 of 2nd period - Snap shot by Jere Lehtinen.
3:53 of 2nd period - Deflect By Lasse Kukkonen.
3:53 of 2nd period - Stopped by Marc-André Fleury with a rebound.
4:53 of 2nd period - Snap shot by Jere Lehtinen.
4:53 of 2nd period - Shot Misses the Net.
4:55 of 2nd period - Wrist shot by Jere Lehtinen.
4:55 of 2nd period - Shot Blocked by Jay Harrison.
4:57 of 2nd period - Wrist shot by Steven Reinprecht.
4:57 of 2nd period - Stopped by Marc-André Fleury with a rebound.
4:59 of 2nd period - Snap shot by Jere Lehtinen.
4:59 of 2nd period - Deflect By Dustin Penner.
4:59 of 2nd period - Goal by Jere Lehtinen - Maple Leafs : 1 - Penguins : 2.
5:00 of 2nd period - Ryan Kesler wins face-off versus Byron Bitz in neutral zone.
5:15 of 2nd period - Snap shot by Darren Reid.
5:15 of 2nd period - Stopped by Marc-André Fleury without a rebound.
5:16 of 2nd period - Steve Ott wins face-off versus Denis Arkhipov in Maple Leafs zone.
5:26 of 2nd period - Off-side.
5:27 of 2nd period - Steve Ott wins face-off versus Ryan Kesler in neutral zone.
5:34 of 2nd period - Wrist shot by Ryan Kesler.
5:34 of 2nd period - Shot Misses the Net.
5:36 of 2nd period - Slapshot by Steve Staios.
5:36 of 2nd period - Shot Blocked by Tobias Enstrom.
5:38 of 2nd period - Slapshot by Brooks Orpik.
5:38 of 2nd period - Stopped by Marc-André Fleury with a rebound.
5:40 of 2nd period - Snap shot by Taylor Pyatt.
5:40 of 2nd period - Shot Misses the Net.
5:42 of 2nd period - Snap shot by Taylor Pyatt.
5:42 of 2nd period - Stopped by Marc-André Fleury with a rebound.
5:59 of 2nd period - Backhand shot by Ted Purcell.
5:59 of 2nd period - Shot Misses the Net.
6:01 of 2nd period - Snap shot by Denis Arkhipov.
6:01 of 2nd period - Shot Misses the Net.
6:52 of 2nd period - Minor Penalty to Steve Staios for Hooking.
6:53 of 2nd period - Ryan Kesler wins face-off versus Steve Ott in Penguins zone.
6:53 of 2nd period - Ryan Kesler is hit by Claude Giroux.
7:29 of 2nd period - Wrist shot by Brendan Morrison.
7:29 of 2nd period - Stopped by Brian Elliott without a rebound.
7:30 of 2nd period - Brendan Morrison wins face-off versus Ryan Kesler in Penguins zone.
8:01 of 2nd period - Dan Hamhuis is hit by Brendan Morrison and loses puck.
8:06 of 2nd period - Snap shot by Alexander Frolov.
8:06 of 2nd period - Stopped by Brian Elliott with a rebound.
8:30 of 2nd period - Slapshot by Lasse Kukkonen.
8:30 of 2nd period - Shot Blocked by Ville Peltonen.
8:32 of 2nd period - Slapshot by Brett Clark.
8:32 of 2nd period - Shot Blocked by Ville Peltonen.
8:34 of 2nd period - Snap shot by Steve Ott.
8:34 of 2nd period - Shot Misses the Net.
8:36 of 2nd period - Snap shot by Claude Giroux.
8:36 of 2nd period - Stopped by Brian Elliott with a rebound.
8:52 of 2nd period - Penalty to Steve Staios is over, Steve Staios is back on ice.
10:20 of 2nd period - Snap shot by Ville Peltonen.
10:20 of 2nd period - Stopped by Marc-André Fleury without a rebound.
10:21 of 2nd period - Paul Stastny wins face-off versus Denis Arkhipov in Maple Leafs zone.
10:21 of 2nd period - Paul Stastny is hit by Denis Arkhipov.
10:45 of 2nd period - Ville Peltonen is hit by Alexander Frolov and loses puck.
10:57 of 2nd period - Backhand shot by Carlo Colaiacovo.
10:57 of 2nd period - Shot Misses the Net.
10:59 of 2nd period - Slapshot by Carlo Colaiacovo.
10:59 of 2nd period - Shot Misses the Net.
11:03 of 2nd period - Snap shot by Ville Peltonen.
11:03 of 2nd period - Stopped by Marc-André Fleury with a rebound.
11:05 of 2nd period - Snap shot by Ville Peltonen.
11:05 of 2nd period - Shot Misses the Net.
11:07 of 2nd period - Wrist shot by Denis Arkhipov.
11:07 of 2nd period - Shot Misses the Net.
11:09 of 2nd period - Slapshot by Tom Preissing.
11:09 of 2nd period - Stopped by Marc-André Fleury with a rebound.
11:11 of 2nd period - Slapshot by Marc-Édouard Vlasic.
11:11 of 2nd period - Stopped by Marc-André Fleury with a rebound.
11:13 of 2nd period - Snap shot by Ted Purcell.
11:13 of 2nd period - Deflect By Denis Arkhipov.
11:13 of 2nd period - Stopped by Marc-André Fleury with a rebound.
11:15 of 2nd period - Slapshot by Dan Hamhuis.
11:15 of 2nd period - Shot Blocked by Lasse Kukkonen.
11:17 of 2nd period - Slapshot by Marc-Édouard Vlasic.
11:17 of 2nd period - Deflect By Ville Peltonen.
11:17 of 2nd period - Stopped by Marc-André Fleury with a rebound.
11:27 of 2nd period - Slapshot by Ted Purcell.
11:27 of 2nd period - Stopped by Marc-André Fleury without a rebound.
11:28 of 2nd period - Paul Stastny wins face-off versus Ryan Kesler in Maple Leafs zone.
11:33 of 2nd period - Slapshot by Paul Stastny.
11:33 of 2nd period - Stopped by Brian Elliott with a rebound.
11:35 of 2nd period - Slapshot by Tobias Enstrom.
11:35 of 2nd period - Deflect By Dustin Penner.
11:35 of 2nd period - Stopped by Brian Elliott with a rebound.
11:37 of 2nd period - Wrist shot by Dustin Penner.
11:37 of 2nd period - Deflect By Claude Giroux.
11:37 of 2nd period - Shot Blocked by Dennis Seidenberg.
11:37 of 2nd period - Puck is out of play.
11:38 of 2nd period - Paul Stastny wins face-off versus Ryan Kesler in Penguins zone.
11:42 of 2nd period - Minor Penalty to Ryan Kesler for Goalie Interference.
11:43 of 2nd period - Dainius Zubrus wins face-off versus Steve Ott in Penguins zone.
12:15 of 2nd period - Wrist shot by Byron Bitz.
12:15 of 2nd period - Shot Misses the Net.
12:19 of 2nd period - Snap shot by Alexander Frolov.
12:19 of 2nd period - Stopped by Brian Elliott with a rebound.
13:42 of 2nd period - Penalty to Ryan Kesler is over, Ryan Kesler is back on ice.
13:49 of 2nd period - Carlo Colaiacovo is hit by Paul Stastny and loses puck.
14:34 of 2nd period - Alex Goligoski is hit by Ville Peltonen and loses puck.
15:27 of 2nd period - Minor Penalty to Brendan Morrison for Hooking.
15:28 of 2nd period - Claude Giroux wins face-off versus Ryan Kesler in Maple Leafs zone.
15:37 of 2nd period - Slapshot by Marc-Édouard Vlasic.
15:37 of 2nd period - Stopped by Marc-André Fleury with a rebound.
17:12 of 2nd period - Dan Hamhuis is hit by Alex Goligoski and loses puck.
17:27 of 2nd period - Penalty to Brendan Morrison is over, Brendan Morrison is back on ice.
17:47 of 2nd period - Snap shot by Brendan Morrison.
17:47 of 2nd period - Deflect By Brad Isbister.
17:47 of 2nd period - Stopped by Brian Elliott without a rebound.
17:48 of 2nd period - Steve Ott wins face-off versus Dainius Zubrus in Penguins zone.
17:49 of 2nd period - Slapshot by Claude Giroux.
17:49 of 2nd period - Shot Misses the Net.
17:51 of 2nd period - Slapshot by Jay Harrison.
17:51 of 2nd period - Stopped by Brian Elliott without a rebound.
17:52 of 2nd period - Ryan Kesler wins face-off versus Steve Ott in Penguins zone.
18:14 of 2nd period - Minor Penalty to Ville Peltonen for Tripping.
18:15 of 2nd period - Steve Ott wins face-off versus Ryan Kesler in Penguins zone.
18:15 of 2nd period - Wrist shot by Claude Giroux.
18:15 of 2nd period - Stopped by Brian Elliott with a rebound.
18:17 of 2nd period - Wrist shot by Steve Ott.
18:17 of 2nd period - Shot Blocked by Steve Staios.
18:45 of 2nd period - Alexander Frolov is hit by Taylor Pyatt and loses puck.
Goals for this period are 1 for Maple Leafs vs 2 for Penguins.
Shots for this period are 15 for Maple Leafs vs 17 for Penguins.
3rd period
0:01 of 3rd period - Steve Ott wins face-off versus Ryan Kesler in neutral zone.
0:06 of 3rd period - Backhand shot by Tobias Enstrom.
0:06 of 3rd period - Stopped by Brian Elliott with a rebound.
0:14 of 3rd period - Penalty to Ville Peltonen is over, Ville Peltonen is back on ice.
0:18 of 3rd period - Wrist shot by Darren Reid.
0:18 of 3rd period - Shot Hit the Post.
0:20 of 3rd period - Snap shot by Ville Peltonen.
0:20 of 3rd period - Stopped by Marc-André Fleury with a rebound.
0:30 of 3rd period - Slapshot by Ted Purcell.
0:30 of 3rd period - Stopped by Marc-André Fleury with a rebound.
0:32 of 3rd period - Slapshot by Brooks Orpik.
0:32 of 3rd period - Shot Blocked by Claude Giroux.
0:40 of 3rd period - Wrist shot by Ted Purcell.
0:40 of 3rd period - Shot Misses the Net.
0:55 of 3rd period - Off-side.
0:56 of 3rd period - Brendan Morrison wins face-off versus Ryan Kesler in neutral zone.
1:51 of 3rd period - Ville Peltonen is hit by Jay Harrison and loses puck.
2:04 of 3rd period - Pierre-Marc Bouchard is hit by Steven Reinprecht and loses puck.
2:17 of 3rd period - Snap shot by Byron Bitz.
2:17 of 3rd period - Shot Misses the Net.
3:00 of 3rd period - Dustin Penner is hit by Jere Lehtinen and loses puck.
4:04 of 3rd period - Dainius Zubrus is hit by Paul Stastny and loses puck.
4:31 of 3rd period - Alex Goligoski is hit by Taylor Pyatt and loses puck.
6:35 of 3rd period - Brett Clark is hit by Ville Peltonen and loses puck.
6:43 of 3rd period - Icing by Lasse Kukkonen.
6:44 of 3rd period - Brad Isbister wins face-off versus Paul Stastny in Maple Leafs zone.
7:07 of 3rd period - Brett Clark is hit by Jere Lehtinen and loses puck.
7:52 of 3rd period - Steve Staios is hit by Dustin Penner and loses puck.
8:05 of 3rd period - Icing by Byron Bitz.
8:06 of 3rd period - Denis Arkhipov wins face-off versus Brendan Morrison in Maple Leafs zone.
8:19 of 3rd period - Snap shot by Ville Peltonen.
8:19 of 3rd period - Deflect By Jay Harrison.
8:19 of 3rd period - Shot Misses the Net.
8:19 of 3rd period - Puck is out of play.
8:20 of 3rd period - Ryan Kesler wins face-off versus Steve Ott in Maple Leafs zone.
8:26 of 3rd period - Off-side.
8:27 of 3rd period - Steve Ott wins face-off versus Ryan Kesler in neutral zone.
8:32 of 3rd period - Snap shot by Claude Giroux.
8:32 of 3rd period - Stopped by Brian Elliott with a rebound.
8:34 of 3rd period - Slapshot by Tobias Enstrom.
8:34 of 3rd period - Stopped by Brian Elliott with a rebound.
8:36 of 3rd period - Slapshot by Tobias Enstrom.
8:36 of 3rd period - Stopped by Brian Elliott with a rebound.
8:40 of 3rd period - Snap shot by Dustin Penner.
8:40 of 3rd period - Shot Blocked by Dan Hamhuis.
8:42 of 3rd period - Snap shot by Claude Giroux.
8:42 of 3rd period - Goal by Claude Giroux - Maple Leafs : 2 - Penguins : 2.
8:43 of 3rd period - Ryan Kesler wins face-off versus Brendan Morrison in neutral zone.
9:15 of 3rd period - Wrist shot by Ted Purcell.
9:15 of 3rd period - Shot Blocked by Lasse Kukkonen.
9:17 of 3rd period - Wrist shot by Ted Purcell.
9:17 of 3rd period - Goal by Ted Purcell - Maple Leafs : 2 - Penguins : 3.
9:18 of 3rd period - Steve Ott wins face-off versus Ryan Kesler in neutral zone.
9:25 of 3rd period - Wrist shot by Claude Giroux.
9:25 of 3rd period - Stopped by Brian Elliott without a rebound.
9:26 of 3rd period - Steve Ott wins face-off versus Ryan Kesler in Penguins zone.
9:55 of 3rd period - Slapshot by Tobias Enstrom.
9:55 of 3rd period - Deflect By Brooks Orpik.
9:55 of 3rd period - Stopped by Brian Elliott with a rebound.
10:13 of 3rd period - Slapshot by Alex Goligoski.
10:13 of 3rd period - Stopped by Brian Elliott without a rebound.
10:14 of 3rd period - Steven Reinprecht wins face-off versus Jamal Mayers in Penguins zone.
10:29 of 3rd period - Snap shot by Brad Isbister.
10:29 of 3rd period - Stopped by Marc-André Fleury with a rebound.
10:41 of 3rd period - Wrist shot by Ville Peltonen.
10:41 of 3rd period - Stopped by Marc-André Fleury with a rebound.
10:43 of 3rd period - Slapshot by Denis Arkhipov.
10:43 of 3rd period - Goal by Denis Arkhipov - Maple Leafs : 2 - Penguins : 4.
10:44 of 3rd period - Steve Ott wins face-off versus Ryan Kesler in neutral zone.
10:47 of 3rd period - Ryan Kesler is hit by Steve Ott and loses puck.
10:54 of 3rd period - Slapshot by Brooks Orpik.
10:54 of 3rd period - Shot Blocked by Tobias Enstrom.
11:10 of 3rd period - Denis Arkhipov is hit by Alexander Frolov and loses puck.
11:26 of 3rd period - Icing by Tobias Enstrom.
11:27 of 3rd period - Byron Bitz wins face-off versus Steven Reinprecht in Maple Leafs zone.
11:34 of 3rd period - Wrist shot by Steven Reinprecht.
11:34 of 3rd period - Stopped by Marc-André Fleury without a rebound.
11:35 of 3rd period - Ryan Kesler wins face-off versus Steve Ott in Maple Leafs zone.
11:38 of 3rd period - Wrist shot by Ryan Kesler.
11:38 of 3rd period - Shot Misses the Net.
12:30 of 3rd period - Darren Reid is hit by Dustin Penner and loses puck.
13:04 of 3rd period - Wrist shot by Ryan Kesler.
13:04 of 3rd period - Shot Blocked by Tim Gleason.
13:06 of 3rd period - Snap shot by Taylor Pyatt.
13:06 of 3rd period - Goal by Taylor Pyatt - Maple Leafs : 2 - Penguins : 5.
13:07 of 3rd period - Brendan Morrison wins face-off versus Denis Arkhipov in neutral zone.
13:20 of 3rd period - Tobias Enstrom is hit by Ted Purcell and loses puck.
13:33 of 3rd period - Jere Lehtinen is hit by Tobias Enstrom.
15:49 of 3rd period - Steve Staios is hit by Steve Ott and loses puck.
16:10 of 3rd period - Snap shot by Pierre-Marc Bouchard.
16:10 of 3rd period - Shot Misses the Net.
16:12 of 3rd period - Snap shot by Steve Ott.
16:12 of 3rd period - Stopped by Brian Elliott with a rebound.
16:14 of 3rd period - Wrist shot by Pierre-Marc Bouchard.
16:14 of 3rd period - Stopped by Brian Elliott with a rebound.
16:16 of 3rd period - Snap shot by Steve Ott.
16:16 of 3rd period - Stopped by Brian Elliott with a rebound.
16:48 of 3rd period - Backhand shot by Claude Giroux.
16:48 of 3rd period - Stopped by Brian Elliott with a rebound.
16:50 of 3rd period - Minor Penalty to Steven Reinprecht for Cross-checking.
16:51 of 3rd period - Paul Stastny wins face-off versus Ryan Kesler in Penguins zone.
17:06 of 3rd period - Wrist shot by Dustin Penner.
17:06 of 3rd period - Stopped by Brian Elliott without a rebound.
17:07 of 3rd period - Paul Stastny wins face-off versus Ryan Kesler in Penguins zone.
17:10 of 3rd period - Slapshot by Claude Giroux.
17:10 of 3rd period - Shot Misses the Net.
17:12 of 3rd period - Slapshot by Brett Clark.
17:12 of 3rd period - Deflect By Dan Hamhuis.
17:12 of 3rd period - Stopped by Brian Elliott with a rebound.
17:20 of 3rd period - Snap shot by Claude Giroux.
17:20 of 3rd period - Shot Blocked by Dan Hamhuis.
17:22 of 3rd period - Snap shot by Dustin Penner.
17:22 of 3rd period - Stopped by Brian Elliott with a rebound.
17:32 of 3rd period - Lasse Kukkonen is hit by Ville Peltonen and loses puck.
18:50 of 3rd period - Penalty to Steven Reinprecht is over, Steven Reinprecht is back on ice.
18:59 of 3rd period - Wrist shot by Brad Isbister.
18:59 of 3rd period - Stopped by Marc-André Fleury with a rebound.
19:01 of 3rd period - Snap shot by Carlo Colaiacovo.
19:01 of 3rd period - Deflect By Brad Isbister.
19:01 of 3rd period - Stopped by Marc-André Fleury without a rebound.
19:02 of 3rd period - Steven Reinprecht wins face-off versus Pierre-Marc Bouchard in Maple Leafs zone.
19:03 of 3rd period - Wrist shot by Jere Lehtinen.
19:03 of 3rd period - Shot Misses the Net.
Goals for this period are 1 for Maple Leafs vs 3 for Penguins.
Shots for this period are 15 for Maple Leafs vs 10 for Penguins.
Output by the SimonT Hockey Simulator (STHS) for François Prévost -- Original Page W3C XHTML 1.0 Valid